[Event "Titled Tuesday Blitz April 25 Early 2023"]
[White "Toncheva, Nadya"]
[Black "Sarkar, Justin"]
[WhiteFideId "2924056"]
[BlackFideId "2010011"]
[WhiteElo "2101"]
[BlackElo "2189"]
[Result "1-0"]
[Round "11"]
[TimeControl "180+2"]
[Date "2023.04.25"]
[WhiteClock "0:02:17"]
[BlackClock "0:00:01"]

1. e4 e5 2. Nf3 Nc6 3. Bb5 a6 4. Ba4 Nf6 5. O-O Be7 6. Re1 b5 7. Bb3 d6 8. c3 O-O 9. h3 Nb8 10. d4 Nbd7 11. Nbd2 Bb7 12. a4 c5 13. d5 c4 14. Bc2 Nc5 15. Nf1 Nfd7 16. Ng3 g6 17. Bh6 Re8 18. Nh2 bxa4 19. Bxa4 Nxa4 20. Rxa4 Nb6 21. Ra2 a5 22. Qf3 a4 23. Nf5 Bf8 24. Ng4 gxf5 25. Qxf5 Be7 26. Nxe5 dxe5 27. Qg4+ Bg5 28. Bxg5 Qc8 29. Qg3 Kf8 30. Bf6 1-0


[Site "https://www.chess.com"]

[Event "Titled Tuesday Blitz April 25 Early 2023"]
[White "Hajiyev, Kanan"]
[Black "Tarnowska, Aleksandra"]
[WhiteFideId "13404148"]
[BlackFideId "1180967"]
[WhiteElo "2103"]
[BlackElo "1776"]
[Result "1-0"]
[Round "11"]
[TimeControl "180+2"]
[Date "2023.04.25"]
[WhiteClock "0:01:23"]
[BlackClock "0:00:02"]

1. d4 d5 2. c4 e6 3. cxd5 exd5 4. Nc3 Nf6 5. Nf3 Be7 6. Bf4 O-O 7. Qc2 c6 8. e3 Bg4 9. Ne5 Bh5 10. Bd3 Nbd7 11. O-O Bg6 12. Nxg6 fxg6 13. h3 Re8 14. Rab1 Nf8 15. b4 Ne6 16. Be5 Bd6 17. f4 Bxe5 18. fxe5 Nd7 19. b5 Rf8 20. Rxf8+ Qxf8 21. bxc6 bxc6 22. Rf1 Qa3 23. Nb1 Qe7 24. Qxc6 Nb6 25. Nc3 Rc8 26. Nxd5 Qe8 27. Qxe8+ Rxe8 28. Nxb6 axb6 29. Bc4 h6 30. Rb1 Kh7 31. Rxb6 Ng5 32. Bd3 Rc8 33. Bxg6+ Kg8 34. h4 Rc1+ 35. Kh2 Nf7 36. Rb8+ Nd8 37. Rxd8# 1-0


[Site "https://www.chess.com"]

[Event "Titled Tuesday Blitz April 25 Early 2023"]
[White "Akash G"]
[Black "Karthik Sai Ch"]
[WhiteFideId "5040299"]
[BlackFideId "46649484"]
[WhiteElo "2395"]
[BlackElo "2003"]
[Result "1-0"]
[Round "11"]
[TimeControl "180+2"]
[Date "2023.04.25"]
[WhiteClock "0:00:22"]
[BlackClock "0:00:05"]

1. d4 d5 2. c4 c6 3. Nf3 Nf6 4. Nc3 a6 5. Bg5 Ne4 6. Qc2 Nxg5 7. Nxg5 e5 8. Nf3 e4 9. Nd2 Be6 10. e3 f5 11. Be2 Be7 12. Na4 Nd7 13. Rc1 O-O 14. Nb3 Kh8 15. O-O dxc4 16. Nbc5 Nxc5 17. dxc5 Qa5 18. Bxc4 Bxc4 19. Qxc4 Qb5 20. b3 Rad8 21. Qe6 Bf6 22. Rcd1 Rxd1 23. Rxd1 Qe2 24. Qd7 f4 25. exf4 e3 26. fxe3 Qxe3+ 27. Kh1 Qxf4 28. Qd2 Qh4 29. Rf1 h6 30. Nc3 Rd8 31. Qc1 Be5 32. g3 Bxg3 33. Qc2 Be5 34. Ne4 Qg4 35. b4 Qg6 36. Qe2 Rd4 37. Nf2 Bf4 38. a3 Rd2 39. Qf3 Qg5 40. Re1 Qh4 41. Re8+ Kh7 42. Qe4+ g6 43. Re7+ Kg8 44. Qe6+ Kh8 45. Re8+ Kg7 46. Rg8+ Kh7 47. Qf7# 1-0


[Site "https://www.chess.com"]

[Event "Titled Tuesday Blitz April 25 Early 2023"]
[White "Pandey Srishti"]
[Black "wqws"]
[WhiteFideId "35093290"]
[WhiteElo "2083"]
[BlackElo "2565"]
[Result "0-1"]
[Round "11"]
[TimeControl "180+2"]
[Date "2023.04.25"]
[WhiteClock "0:02:17"]
[BlackClock "0:02:12"]

1. e4 c5 2. Nf3 d6 3. d4 cxd4 4. Nxd4 Nf6 5. Nc3 a6 6. f3 e5 7. Nb3 Be6 8. Be3 h5 9. Nd5 Bxd5 10. exd5 g6 11. Be2 Bh6 12. Bxh6 Rxh6 13. O-O Nbd7 14. c4 Kf8 15. Rc1 Kg7 16. Kh1 Qb6 17. Qd2 a5 18. Na1 Rc8 19. b3 h4 20. Nc2 Nh5 21. Qe3 Ng3+ 22. hxg3 hxg3+ 23. Kg1 Rch8 24. Qxb6 Rh1# 0-1


[Site "https://www.chess.com"]

[Event "Titled Tuesday Blitz April 25 Early 2023"]
[White "Yelisieiev, Yevhenii"]
[Black "Allahverdiyeva, Ayan"]
[WhiteFideId "14139642"]
[BlackFideId "13412590"]
[WhiteElo "2425"]
[BlackElo "1980"]
[Result "1-0"]
[Round "11"]
[TimeControl "180+2"]
[Date "2023.04.25"]
[WhiteClock "0:00:05"]
[BlackClock "0:00:01"]

1. d4 Nf6 2. Nf3 e6 3. e3 c5 4. Bd3 b6 5. O-O Bb7 6. Nbd2 Qc7 7. b3 g5 8. Bb2 g4 9. Ne5 Rg8 10. dxc5 Bxc5 11. Be2 d6 12. Nd3 Nd5 13. Ne4 f5 14. Nexc5 bxc5 15. c4 Ne7 16. Nf4 e5 17. Nd5 Nxd5 18. cxd5 Nd7 19. e4 fxe4 20. Bxg4 O-O-O 21. Be6 Rg7 22. b4 Kb8 23. Rc1 Nf8 24. Bh3 c4 25. Qd2 Ng6 26. Bf5 Nf4 27. Bxe4 Nxg2 28. Kh1 Rdg8 29. Rg1 Qf7 30. Bxg2 Rxg2 31. Rxg2 Bxd5 32. Rg1 Qf3 33. Qe3 Rxg2 34. Qxf3 Rxg1+ 35. Kxg1 Bxf3 36. h4 Kc7 37. Kh2 Kc6 38. Kg3 e4 39. Kf4 Kb5 40. Bc3 Ka4 41. Ke3 Ka3 42. Kd4 d5 43. Bd2 Kb2 44. Be3 c3 45. a4 c2 46. Kxd5 c1=Q 47. Bxc1+ Kxc1 48. Ke5 Bd1 49. a5 Ba4 50. Kxe4 a6 51. f4 Kd2 52. f5 Bc2+ 53. Kf4 Kc3 54. f6 Bb3 55. Kg5 Kxb4 56. Kh6 Bg8 57. Kg7 Bc4 58. Kxh7 Kxa5 59. Kg7 Kb5 60. h5 a5 61. h6 Bd3 62. f7 1-0


[Site "https://www.chess.com"]

[Event "Titled Tuesday Blitz April 25 Early 2023"]
[White "Ljukin, Sergei"]
[Black "Tarasova, Viktoriya"]
[WhiteFideId "14102200"]
[BlackFideId "4175840"]
[WhiteElo "2312"]
[BlackElo "2182"]
[Result "0-1"]
[Round "11"]
[TimeControl "180+2"]
[Date "2023.04.25"]
[WhiteClock "0:00:04"]
[BlackClock "0:00:58"]

1. e4 c5 2. Nf3 d6 3. d4 cxd4 4. Nxd4 Nf6 5. Nc3 a6 6. Bg5 e6 7. f4 Qb6 8. Qd3 Qxb2 9. Rb1 Qa3 10. f5 Be7 11. fxe6 fxe6 12. Be2 O-O 13. O-O Qc5 14. Be3 Qc7 15. e5 dxe5 16. Nf3 Nbd7 17. Ng5 Nc5 18. Qd1 h6 19. Nf3 Nce4 20. Nxe4 Nxe4 21. Rb3 Bc5 22. Kh1 Bd7 23. Bxc5 Nxc5 24. Rc3 b6 25. Bc4 Bc6 26. Qe2 e4 27. Nd4 Qe5 28. Rd1 Bb7 29. Re3 Rad8 30. c3 b5 31. Bb3 b4 0-1


[Site "https://www.chess.com"]

[Event "Titled Tuesday Blitz April 25 Early 2023"]
[White "Buscar, Michael"]
[Black "Estrada Nieto, Julian"]
[WhiteFideId "2603616"]
[BlackFideId "5101018"]
[WhiteElo "2010"]
[BlackElo "2161"]
[Result "0-1"]
[Round "11"]
[TimeControl "180+2"]
[Date "2023.04.25"]
[WhiteClock "0:02:00"]
[BlackClock "0:01:46"]

1. d4 d5 2. c4 dxc4 3. e3 Nf6 4. Bxc4 e6 5. Nf3 a6 6. O-O c5 7. a3 Nc6 8. Nc3 cxd4 9. exd4 Be7 10. Bd3 O-O 11. Bc2 b5 12. Qd3 Bb7 13. Bg5 g6 14. Rad1 Na5 15. Ne5 Rc8 16. Qh3 Nc4 17. Bc1 Qc7 18. Rfe1 Nxa3 19. Bxg6 hxg6 20. Nxg6 fxg6 21. Qxe6+ Rf7 22. bxa3 Qxc3 23. Re3 Qc6 24. Qh3 Qxc1 0-1


[Site "https://www.chess.com"]

[Event "Titled Tuesday Blitz April 25 Early 2023"]
[White "littlepillow2010"]
[Black "KorolDimitriy75"]
[WhiteElo "2359"]
[BlackElo "2430"]
[Result "1-0"]
[Round "11"]
[TimeControl "180+2"]
[Date "2023.04.25"]
[WhiteClock "0:00:22"]
[BlackClock "0:00:03"]

1. e4 c5 2. Nf3 d6 3. d4 cxd4 4. Nxd4 Nf6 5. Nc3 g6 6. Be3 Bg7 7. f3 O-O 8. Qd2 Nc6 9. O-O-O d5 10. exd5 Nxd5 11. Nxc6 bxc6 12. Nxd5 cxd5 13. Qxd5 Rb8 14. b3 Qe8 15. Qa5 Be6 16. Bd3 Rc8 17. Bb5 Bf5 18. c4 Rc6 19. Bxc6 Qxc6 20. Bd4 e5 21. Bxe5 Bh6+ 22. Kb2 Re8 23. Rhe1 Be6 24. Rd8 Bf8 25. Rxe8 Qxe8 26. Bc3 Qb8 27. Qe5 Qxe5 28. Bxe5 Bb4 29. Bc3 Bc5 30. Rd1 f5 31. Bd4 Bd6 32. g3 a5 33. f4 Bb4 34. a3 Be7 35. c5 Bd5 36. b4 axb4 37. axb4 Bc4 38. Kc3 Bb5 39. Re1 Kf7 40. Be5 Bf8 41. Ra1 Be2 42. Ra7+ Ke6 43. c6 1-0


[Site "https://www.chess.com"]

[Event "Titled Tuesday Blitz April 25 Early 2023"]
[White "Fernandez Garcia, Gumersindo"]
[Black "Avazkhonov, Alikhon"]
[WhiteFideId "24516740"]
[BlackFideId "14208504"]
[WhiteElo "2093"]
[BlackElo "1739"]
[Result "0-1"]
[Round "11"]
[TimeControl "180+2"]
[Date "2023.04.25"]
[WhiteClock "0:00:09"]
[BlackClock "0:00:16"]

1. d4 Nf6 2. c4 e6 3. Nf3 Bb4+ 4. Bd2 Qe7 5. g3 Bxd2+ 6. Qxd2 Ne4 7. Qc2 Qb4+ 8. Nbd2 Nxd2 9. Nxd2 O-O 10. Bg2 Nc6 11. e3 Qe7 12. O-O d6 13. a3 e5 14. Nf3 e4 15. Nd2 f5 16. b4 Qf6 17. c5 d5 18. b5 Ne7 19. f4 c6 20. a4 Be6 21. Rab1 Bd7 22. Rb2 h6 23. Rfb1 g5 24. Nf1 gxf4 25. gxf4 Kh7 26. Kh1 Rg8 27. bxc6 Bxc6 28. Ng3 h5 29. Nxh5 Qh4 30. Qe2 Rg4 31. Bh3 Qxh3 32. Nf6+ Kh8 33. Nxg4 fxg4 34. Rg1 Rg8 35. Rg3 Qh4 36. Rb1 Nf5 37. Rg2 g3 38. Rbg1 Rg4 39. a5 Be8 40. a6 Bh5 41. axb7 Rg8 42. Qxh5+ Qxh5 43. Rxg3 Nxg3+ 44. Rxg3 Qd1+ 45. Kg2 Rxg3+ 46. Kxg3 Qb3 47. c6 Qb6 48. h4 a5 49. f5 Kg7 50. Kf4 a4 51. Ke5 Qc7+ 52. Kxd5 a3 53. Kc5 a2 54. d5 a1=Q 55. d6 Qaa5+ 0-1


[Site "https://www.chess.com"]

[Event "Titled Tuesday Blitz April 25 Early 2023"]
[White "Derichs, Roger"]
[Black "Koridze, Lile"]
[WhiteFideId "4630076"]
[BlackFideId "13612514"]
[WhiteElo "2348"]
[BlackElo "2047"]
[Result "0-1"]
[Round "11"]
[TimeControl "180+2"]
[Date "2023.04.25"]
[WhiteClock "0:01:27"]
[BlackClock "0:00:35"]

1. d4 Nf6 2. c4 e6 3. g3 d5 4. Nf3 Bb4+ 5. Bd2 Be7 6. Bg2 O-O 7. O-O c6 8. Qc2 b6 9. Rc1 Bb7 10. b3 Nbd7 11. a4 c5 12. a5 cxd4 13. Nxd4 bxa5 14. Bxa5 Qb8 15. Nb5 Rc8 16. Nd2 dxc4 17. bxc4 Bxg2 18. Kxg2 Qe5 19. Nf3 Qh5 20. h3 Nc5 21. Bb4 Bf8 22. Rxa7 Rab8 23. Nbd4 Rxb4 24. g4 Qg6 25. Qd2 Nce4 26. Qf4 h6 27. Ne5 Qg5 28. Qxg5 Nxg5 29. h4 Nge4 30. Nxf7 Bc5 31. Nxe6 Bxa7 0-1


[Site "https://www.chess.com"]

[Event "Titled Tuesday Blitz April 25 Early 2023"]
[White "Manon-og, Ramon Jr."]
[Black "Melikhov, Evgeny V."]
[WhiteFideId "5200776"]
[BlackFideId "4122046"]
[WhiteElo "2344"]
[BlackElo "2158"]
[Result "1-0"]
[Round "11"]
[TimeControl "180+2"]
[Date "2023.04.25"]
[WhiteClock "0:01:47"]
[BlackClock "0:00:24"]

1. e4 c5 2. Nf3 d6 3. Bb5+ Nd7 4. a4 Nf6 5. Qe2 e6 6. O-O Be7 7. c3 O-O 8. d4 Qc7 9. Bg5 a6 10. Bc4 b6 11. e5 Nxe5 12. dxe5 dxe5 13. Qxe5 Qc6 14. Nbd2 Bb7 15. Rfe1 Ng4 16. Qg3 Bxg5 17. Nxg5 Nf6 18. Nde4 Kh8 19. Bd3 Nd5 20. Nxh7 f5 21. Nxf8 Rxf8 22. Ng5 Rf6 23. Qh4+ Rh6 24. Nf7+ Kh7 25. Nxh6 Nf6 26. Nxf5+ Kg8 27. Ne7+ 1-0


[Site "https://www.chess.com"]

[Event "Titled Tuesday Blitz April 25 Early 2023"]
[White "Luong Phuong Hanh"]
[Black "Kielinkei"]
[WhiteFideId "12401013"]
[WhiteElo "2081"]
[BlackElo "2417"]
[Result "1-0"]
[Round "11"]
[TimeControl "180+2"]
[Date "2023.04.25"]
[WhiteClock "0:01:27"]
[BlackClock "0:00:02"]

1. d4 Nf6 2. Nf3 b6 3. e3 Bb7 4. Bd3 e6 5. O-O Be7 6. c4 O-O 7. Nc3 d6 8. d5 e5 9. e4 a5 10. Be3 Na6 11. h3 Nc5 12. Bc2 Bc8 13. b3 Ne8 14. a3 f5 15. exf5 Bxf5 16. b4 axb4 17. Bxf5 Rxf5 18. axb4 Rxa1 19. Qxa1 Nd7 20. Qa7 Rf8 21. Nb5 Qc8 22. Ra1 Nb8 23. Qa3 h6 24. Qd3 Nf6 25. Ra7 Bd8 26. Qg6 Kh8 27. Nxd6 Qd7 28. Nf5 Ne8 29. g4 Rf6 30. Nxe5 Rxg6 31. Nxd7 Nxd7 32. Ra8 Bg5 33. Rxe8+ Kh7 34. Bxg5 hxg5 35. Re7 Nf6 36. Rxc7 Ne4 37. c5 bxc5 38. bxc5 Nc3 39. d6 Nd5 40. Rb7 Nf4 41. Kh2 Ne6 42. c6 Rf6 43. Nxg7 Nxg7 44. Rxg7+ Kxg7 45. c7 Rxd6 46. c8=Q Rg6 47. Qd7+ 1-0


[Site "https://www.chess.com"]

[Event "Titled Tuesday Blitz April 25 Early 2023"]
[White "Rodriguez Santiago, Jaime"]
[Black "kuanysh1981"]
[WhiteFideId "3100898"]
[WhiteElo "2025"]
[BlackElo "2416"]
[Result "1-0"]
[Round "11"]
[TimeControl "180+2"]
[Date "2023.04.25"]
[WhiteClock "0:01:07"]
[BlackClock "0:00:12"]

1. c4 Nf6 2. Nc3 b6 3. e4 d6 4. d3 Bb7 5. Nge2 Nbd7 6. g3 g6 7. Bg2 Bg7 8. O-O O-O 9. h3 e6 10. Be3 Re8 11. Qd2 a6 12. a4 Nc5 13. Qd1 e5 14. b4 Ne6 15. f4 c5 16. b5 Nd4 17. f5 Bc8 18. g4 axb5 19. Nxb5 Qe7 20. Nexd4 exd4 21. Bf4 Rd8 22. g5 Nh5 23. f6 Qe6 24. Nc7 Qd7 25. Nxa8 Nxf4 26. Rxf4 Bf8 27. Nxb6 Qc6 28. Nxc8 Qxc8 29. a5 h6 30. h4 d5 31. exd5 hxg5 32. hxg5 Bd6 33. Re4 Qf5 34. Qg4 Qxg4 35. Rxg4 Re8 36. Re4 Ra8 37. a6 Kf8 38. Kf2 Ra7 39. Bh3 Ra8 40. Bd7 Kg8 41. Bc6 Ra7 42. Bb7 Kf8 43. Rh1 Kg8 44. Re8+ Bf8 45. Rxf8+ Kxf8 46. Rh8# 1-0


[Site "https://www.chess.com"]

[Event "Titled Tuesday Blitz April 25 Early 2023"]
[White "Bashkansky, Ethan"]
[Black "Harriott, Tyrell"]
[WhiteFideId "2071533"]
[BlackFideId "2086484"]
[WhiteElo "2305"]
[BlackElo "2107"]
[Result "1-0"]
[Round "11"]
[TimeControl "180+2"]
[Date "2023.04.25"]
[WhiteClock "0:00:17"]
[BlackClock "0:00:10"]

1. d4 e6 2. c4 d5 3. Nc3 f5 4. Nf3 c6 5. Bf4 Ne7 6. e3 Ng6 7. g3 Be7 8. Bd3 O-O 9. Qc2 a6 10. h4 Nh8 11. h5 Nf7 12. Ne5 Nd6 13. c5 Ne4 14. f3 Nxc3 15. Qxc3 Bd7 16. O-O-O b6 17. g4 bxc5 18. dxc5 fxg4 19. fxg4 Bg5 20. Qc2 Rxf4 21. Bxh7+ Kf8 22. Ng6+ Ke8 23. exf4 Bf6 24. g5 Be7 25. h6 gxh6 26. Ne5 Qa5 27. gxh6 Kd8 28. Bg8 Bf6 29. h7 Bh8 30. Nf7+ Kc7 31. Nxh8 Be8 32. Nf7 Nd7 33. Nd6 Nxc5 34. Nxe8+ Rxe8 35. h8=Q Kb6 36. Qhc3 Qxc3 37. Qxc3 Ne4 38. Qb3+ Kc7 39. Rh7+ Kd6 40. Qa3+ c5 41. Qxa6# 1-0


[Site "https://www.chess.com"]

[Event "Titled Tuesday Blitz April 25 Early 2023"]
[White "Koutsin, Sergey"]
[Black "Prieto Aranguren, Alain"]
[WhiteFideId "14101483"]
[BlackFideId "2268906"]
[WhiteElo "2381"]
[BlackElo "2209"]
[Result "1-0"]
[Round "11"]
[TimeControl "180+2"]
[Date "2023.04.25"]
[WhiteClock "0:01:48"]
[BlackClock "0:01:27"]

1. d4 Nf6 2. c4 g6 3. Nc3 Bg7 4. e4 O-O 5. Nf3 d6 6. Be2 Nc6 7. O-O e5 8. d5 Ne7 9. Ne1 Nd7 10. Be3 f5 11. f3 f4 12. Bf2 g5 13. a4 Rf6 14. a5 Rh6 15. Nd3 Qe8 16. Be1 Qh5 17. h3 Ng6 18. Nf2 Nh4 19. Ng4 Rg6 20. Nb5 Nf6 21. Nxc7 Rb8 22. Ne6 Bxe6 23. dxe6 Nxg4 24. fxg4 Qh6 25. Qxd6 Re8 26. c5 Kh8 27. Bc4 f3 28. Bxh4 fxg2 29. Kxg2 Qxh4 30. Qd7 Rf8 31. e7 1-0


[Site "https://www.chess.com"]

[Event "Titled Tuesday Blitz April 25 Early 2023"]
[White "Tsyhanchuk, Stanislav"]
[Black "Topalov, Aleksandar"]
[WhiteFideId "13505130"]
[BlackFideId "925659"]
[WhiteElo "2173"]
[BlackElo "2151"]
[Result "0-1"]
[Round "11"]
[TimeControl "180+2"]
[Date "2023.04.25"]
[WhiteClock "0:00:05"]
[BlackClock "0:00:55"]

1. e4 e6 2. d4 d5 3. Nd2 Nf6 4. e5 Ng8 5. Bd3 Ne7 6. f4 h5 7. Ngf3 g6 8. Ng5 Qd7 9. Ndf3 b6 10. b3 Ba6 11. Ba3 Bxd3 12. Qxd3 Nf5 13. Bxf8 Kxf8 14. c4 Nc6 15. Rd1 Rd8 16. O-O dxc4 17. bxc4 Ncxd4 18. Ne4 Nxf3+ 19. Qxf3 Qe7 20. Nf6 Kg7 21. h3 Qc5+ 22. Kh2 Ne3 23. Rxd8 Nxf1+ 24. Qxf1 Rxd8 25. Qf3 Qxc4 26. Qg3 Rh8 27. Qg5 Qd4 28. f5 exf5 29. Ng4 hxg4 30. Qf6+ Kg8 31. Qe7 Qf4+ 32. Kg1 Qe3+ 33. Kh2 g3+ 0-1


[Site "https://www.chess.com"]

[Event "Titled Tuesday Blitz April 25 Early 2023"]
[White "Alexikov, Alexander"]
[Black "Smith, Garrett L"]
[WhiteFideId "14103958"]
[BlackFideId "2024829"]
[WhiteElo "2186"]
[BlackElo "2265"]
[Result "1-0"]
[Round "11"]
[TimeControl "180+2"]
[Date "2023.04.25"]
[WhiteClock "0:00:04"]
[BlackClock "0:00:02"]

1. e4 c5 2. Nf3 Nc6 3. d4 cxd4 4. Nxd4 e5 5. Nb5 d6 6. c4 Be7 7. N1c3 a6 8. Na3 f5 9. exf5 Bxf5 10. Bd3 Be6 11. O-O Nf6 12. f4 O-O 13. Kh1 Rc8 14. f5 Bf7 15. Be3 d5 16. cxd5 Nxd5 17. Nxd5 Qxd5 18. Bc4 Qe4 19. Qf3 Qxf3 20. Rxf3 Bxc4 21. Nxc4 Nb4 22. Nxe5 Nc2 23. Raf1 Rfd8 24. Bf4 Nd4 25. R3f2 Nxf5 26. g4 Nd4 27. Rd2 Ne6 28. Be3 Bf6 29. Nd7 Bxb2 30. Bb6 Bc3 31. Rd3 Bd4 32. Bxd8 Rxd8 33. Re1 Kf7 34. Ne5+ Bxe5 35. Rxd8 Nxd8 36. Rxe5 Nc6 37. Re4 Kf6 38. Kg2 g5 39. h3 h6 40. Kf3 Ne5+ 41. Ke3 Ng6 42. Re8 Nf4 43. Rb8 Nxh3 44. Rxb7 Ke5 45. Rb6 Nf4 46. Rxh6 Nd5+ 47. Kf3 Nf6 48. Rh8 Nd7 49. Rg8 Kf6 50. Ra8 Nc5 51. Ra7 Ke5 52. Rg7 Ne6 53. Rh7 Nc5 54. Rh6 Kd5 55. Rg6 Ne6 56. Rf6 Ke5 57. Rg6 Kd5 58. Ke3 Ke5 59. Rh6 Kd5 60. Rh8 Ke5 61. Ra8 Nc5 62. a3 Kd5 63. Ra7 Ke5 64. Rg7 Ne6 65. Rg8 Nc5 66. Rxg5+ 1-0


[Site "https://www.chess.com"]

[Event "Titled Tuesday Blitz April 25 Early 2023"]
[White "Dwilewicz, Katarzyna"]
[Black "mjelcic"]
[WhiteFideId "1148486"]
[WhiteElo "2065"]
[BlackElo "2234"]
[Result "0-1"]
[Round "11"]
[TimeControl "180+2"]
[Date "2023.04.25"]
[WhiteClock "0:00:02"]
[BlackClock "0:00:22"]

1. e4 d5 2. exd5 Nf6 3. Bb5+ Bd7 4. Bc4 Bg4 5. f3 Bf5 6. Nc3 c6 7. dxc6 Nxc6 8. Nge2 Qb6 9. Ng3 Bg6 10. d3 e6 11. Qe2 Nd4 12. Qf2 Bc5 13. Be3 O-O 14. Na4 Qa5+ 15. c3 Nc2+ 16. Qxc2 Bxe3 17. Nf1 Bh6 18. b4 Qg5 19. Kf2 b5 20. h4 Qf5 21. Ng3 Ng4+ 22. Kg1 Be3+ 23. Kf1 Qf4 24. Ne2 Qb8 25. Bxb5 Qxb5 26. fxg4 Bxd3 27. Qd1 Rad8 28. Nb2 Bf5 29. Qe1 Bxg4 30. c4 Qf5+ 31. Nf4 Qxf4+ 0-1


[Site "https://www.chess.com"]

[Event "Titled Tuesday Blitz April 25 Early 2023"]
[White "Singh, Arvinder Preet"]
[Black "Belenkaya, Dina"]
[WhiteFideId "5013240"]
[BlackFideId "24142654"]
[WhiteElo "2124"]
[BlackElo "2208"]
[Result "0-1"]
[Round "11"]
[TimeControl "180+2"]
[Date "2023.04.25"]
[WhiteClock "0:00:48"]
[BlackClock "0:01:41"]

1. e4 d5 2. exd5 Qxd5 3. Nc3 Qe5+ 4. Be2 c6 5. Nf3 Qc7 6. d4 Nf6 7. Bg5 Bf5 8. Qd2 Nbd7 9. O-O-O e6 10. Rhe1 Bd6 11. Nh4 Bg6 12. Nxg6 hxg6 13. h3 O-O-O 14. Bf3 Qa5 15. a3 Nb6 16. Ne4 Qxd2+ 17. Rxd2 Be7 18. Bxf6 gxf6 19. Be2 f5 20. Nc5 Bg5 21. b3 Bxd2+ 22. Kxd2 Rxd4+ 23. Kc3 Rhd8 24. Bf3 R4d6 25. a4 Nd5+ 26. Kb2 b6 27. Nd3 R6d7 28. Ne5 Rc7 29. Rd1 a5 30. c4 Nb4 31. Rxd8+ Kxd8 32. Kc3 Ke7 33. Kd4 Kf6 34. c5 bxc5+ 35. Kxc5 Kxe5 0-1


[Site "https://www.chess.com"]

[Event "Titled Tuesday Blitz April 25 Early 2023"]
[White "Kopczynski, Michal"]
[Black "Semenova, Alina"]
[WhiteFideId "1124200"]
[BlackFideId "24113875"]
[WhiteElo "2212"]
[BlackElo "1833"]
[Result "1-0"]
[Round "11"]
[TimeControl "180+2"]
[Date "2023.04.25"]
[WhiteClock "0:00:26"]
[BlackClock "0:00:02"]

1. e4 e6 2. d4 d5 3. Nc3 Bb4 4. e5 c5 5. dxc5 Bxc3+ 6. bxc3 Qa5 7. f4 Qxc3+ 8. Bd2 Qxc5 9. Nf3 Nc6 10. Bd3 Nge7 11. Qe2 Nf5 12. Bxf5 exf5 13. Be3 Qc3+ 14. Kf2 Be6 15. Rab1 b6 16. Rb3 Qa5 17. Qb5 Qxb5 18. Rxb5 O-O 19. Bd4 Rac8 20. Rd1 Na5 21. c3 Nc4 22. Ke2 Rc6 23. a4 Rfc8 24. h3 h6 25. Ne1 Na3 26. Rb2 Nc4 27. Rb3 Kf8 28. Nd3 Na5 29. Rb5 Rc4 30. Ra1 Nc6 31. Ke3 Nxd4 32. cxd4 Ke7 33. a5 bxa5 34. Rbxa5 R8c7 35. Rxa7 g5 36. Rxc7+ Rxc7 37. Nc5 f6 38. exf6+ Kxf6 39. Ra6 Re7 40. fxg5+ hxg5 41. h4 gxh4 42. Kf4 Kf7 43. Nd3 Re8 44. Ne5+ Kf6 45. Nf3 Rg8 46. Ng5 Re8 47. Nxe6 Rxe6 48. Rxe6+ Kxe6 49. Kg5 h3 50. gxh3 Kf7 51. Kxf5 1-0


[Site "https://www.chess.com"]

[Event "Titled Tuesday Blitz April 25 Early 2023"]
[White "Stanisz, Patryk"]
[Black "Womacka, Mathias"]
[WhiteFideId "1123106"]
[BlackFideId "4611390"]
[WhiteElo "2069"]
[BlackElo "2377"]
[Result "1-0"]
[Round "11"]
[TimeControl "180+2"]
[Date "2023.04.25"]
[WhiteClock "0:00:04"]
[BlackClock "0:00:02"]

1. d4 Nf6 2. c4 e6 3. Nc3 Bb4 4. e3 c5 5. Ne2 cxd4 6. exd4 O-O 7. a3 Be7 8. Ng3 d5 9. c5 Nc6 10. Be3 e5 11. Be2 exd4 12. Bxd4 Nxd4 13. Qxd4 Be6 14. O-O Nd7 15. b4 Bf6 16. Qd2 Ne5 17. Rac1 Nc4 18. Bxc4 dxc4 19. Qxd8 Rfxd8 20. Nge4 Bd4 21. Rfd1 b6 22. c6 a6 23. a4 f5 24. Ng5 Bf7 25. Nxf7 Kxf7 26. c7 Rd7 27. Ne2 Bxf2+ 28. Kxf2 Rxc7 29. Nf4 b5 30. a5 Re8 31. Nd5 Rd7 32. Nc3 Red8 33. Rxd7+ Rxd7 34. Rd1 Rxd1 35. Nxd1 Ke6 36. Nc3 Ke5 37. Ke3 f4+ 38. Kd2 Kd4 39. Nxb5+ axb5 40. a6 c3+ 41. Kc2 Ke3 42. a7 Kf2 43. a8=Q g5 44. Qf3+ 1-0


[Site "https://www.chess.com"]

[Event "Titled Tuesday Blitz April 25 Early 2023"]
[White "Fernandez Siles, Luis"]
[Black "Fierz, Martin"]
[WhiteFideId "2209420"]
[BlackFideId "1302132"]
[WhiteElo "2195"]
[BlackElo "2294"]
[Result "1-0"]
[Round "11"]
[TimeControl "180+2"]
[Date "2023.04.25"]
[WhiteClock "0:00:29"]
[BlackClock "0:00:03"]

1. e4 c5 2. Nf3 e6 3. c3 d5 4. exd5 exd5 5. d4 Nc6 6. Be3 cxd4 7. Nxd4 Nf6 8. Bb5 Bd7 9. O-O Bd6 10. Nd2 O-O 11. N2f3 Re8 12. Bg5 h6 13. Bh4 a6 14. Be2 Re4 15. Bg3 Bxg3 16. hxg3 Re7 17. Bd3 Ne4 18. Qb3 Nxd4 19. cxd4 Bc6 20. Ne5 Nd2 21. Qc2 Nxf1 22. Rxf1 Rc8 23. Qd2 Bb5 24. Bxb5 axb5 25. Qb4 Qe8 26. Qd6 Rd8 27. Qc5 f6 28. Ng6 Re2 29. Nf4 Rxb2 30. Nxd5 Rxa2 31. Ne3 Qd7 32. Rd1 Qd6 33. Qxb5 Ra7 34. Nf5 Qd7 35. Qc5 Raa8 36. Ne3 Kh8 37. Qh5 Rac8 38. Nf5 Qe8 39. Qg4 Qf7 40. Re1 Re8 41. Rb1 Rc2 42. Qf3 Rce2 43. Rxb7 Re1+ 44. Kh2 Qg6 45. Rxg7 Qxg7 46. Nxg7 Kxg7 47. Qg4+ 1-0


[Site "https://www.chess.com"]

[Event "Titled Tuesday Blitz April 25 Early 2023"]
[White "Zhukova, Natalia"]
[Black "Kohler, Aran"]
[WhiteFideId "14101513"]
[BlackFideId "1002856"]
[WhiteElo "2297"]
[BlackElo "2291"]
[Result "0-1"]
[Round "11"]
[TimeControl "180+2"]
[Date "2023.04.25"]
[WhiteClock "0:00:02"]
[BlackClock "0:00:11"]

1. c4 e5 2. Nc3 Nf6 3. Nf3 e4 4. Ng5 b5 5. Ngxe4 Nxe4 6. Nxe4 bxc4 7. d4 d5 8. Nc3 Be6 9. e4 c6 10. Qa4 Qd7 11. Be2 Be7 12. O-O O-O 13. Bf3 dxe4 14. Bxe4 Qxd4 15. Be3 Qe5 16. Rfe1 Bc5 17. Rad1 Bxe3 18. Rxe3 Qh5 19. h3 a5 20. Bf3 Qc5 21. Ne4 Qb4 22. Qc2 h6 23. Nd6 Na6 24. Nf5 Rad8 25. Ree1 Bxf5 26. Qxf5 Qxb2 27. Be4 g6 28. Qf4 Kg7 29. Bxc6 c3 30. Rc1 c2 31. Be4 Nb4 32. Qe3 Nxa2 33. Rxc2 Qb4 34. Rxa2 Rfe8 0-1


[Site "https://www.chess.com"]

[Event "Titled Tuesday Blitz April 25 Early 2023"]
[White "Zaichenko, Daria"]
[Black "Petrova, Irina"]
[WhiteFideId "4197453"]
[BlackFideId "14124122"]
[WhiteElo "2039"]
[BlackElo "2084"]
[Result "0-1"]
[Round "11"]
[TimeControl "180+2"]
[Date "2023.04.25"]
[WhiteClock "0:00:03"]
[BlackClock "0:00:16"]

1. e4 d6 2. d4 Nf6 3. Nc3 e5 4. d5 Be7 5. f4 exf4 6. Bxf4 Nbd7 7. Bd3 O-O 8. Nf3 Ng4 9. Qd2 Bf6 10. Rf1 Nde5 11. O-O-O a6 12. h3 Nxd3+ 13. Qxd3 Ne5 14. Bxe5 Bxe5 15. Nxe5 dxe5 16. g4 Qd6 17. Ne2 Bd7 18. Kb1 b5 19. Ng3 a5 20. Nf5 Bxf5 21. gxf5 b4 22. Rg1 f6 23. h4 Rf7 24. Rg2 a4 25. h5 h6 26. Rdg1 Qd7 27. Qd2 b3 28. Qxh6 bxa2+ 29. Kxa2 Rb8 30. Qe3 Qb5 31. Qc3 Kh8 32. Rg6 c5 33. h6 Rfb7 34. Rb1 a3 35. b3 c4 36. b4 Kg8 0-1


[Site "https://www.chess.com"]